 Dungeon Crawl Stone Soup version 0.31-a0-845-g9abc20d24f (webtiles) character file.

Game seed: 5767879648949724261

728 Ijustatesigmund the Magician (level 7, -9/36 HPs)
             Began as a Deep Elf Fire Elementalist on Oct 2, 2023.
             Mangled by Pikel
             ... wielding a +0 whip of electrocution
              (20 damage)
             ... on level 4 of the Dungeon.
             The game lasted 00:05:57 (5350 turns).

Ijustatesigmund the Magician (DEFE)                 Turns: 5350, Time: 00:05:59

Health: -9/36      AC:  4    Str:  5    XL:     7   Next: 44%
Magic:  16/16      EV: 12    Int: 22    God:
Gold:   345        SH:  0    Dex: 15    Spells: 11/18 levels left

rFire   . . .        u - +0 orcbow
rCold   . . .        (shield currently unavailable)
rNeg    . . .        a - +0 robe
rPois   .            j - +0 helmet
rElec   .            (no cloak)
rCorr   .            o - +0 pair of gloves
SInv    .            (no boots)
Will    +....        h - amulet of magic regeneration
Stlth   ++           (no ring)
HPRegen 0.26/turn    (no ring)
MPRegen 0.55/turn

%: clarity
@: brilliant, enlightened, flying
A: clarity, frail 1, low MP 1, noise suppression
a: no special abilities


You were on level 4 of the Dungeon.
You visited 1 branch of the dungeon, and saw 5 of its levels.

You collected 345 gold pieces.

Inventory:

Hand Weapons
 k - a +2 dagger of draining
 u - a +0 orcbow (weapon)
Armour
 a - a +0 robe (worn)
 j - a +0 helmet (worn)
 n - a +0 buckler
 o - a +0 pair of gloves (worn)
Jewellery
 h - an amulet of magic regeneration (around neck)
Scrolls
 c - a scroll of vulnerability {unknown}
 e - a scroll of fog {unknown}
 f - 4 scrolls of identify {unknown}
 g - 3 scrolls of teleportation {unknown}
 l - 3 scrolls of torment {unknown}
 m - a scroll of immolation {unknown}
 p - a scroll of blinking {unknown}
 t - a scroll of poison {unknown}
Potions
 b - a potion of magic
 d - a potion of enlightenment
 i - 3 potions of mutation
 q - a potion of curing {unknown}
 r - a potion of degeneration {unknown}
 s - a potion of brilliance


   Skills:
 - Level 2.4 Fighting
 + Level 1.0 Ranged Weapons
 - Level 2.4 Dodging
 - Level 2.4 Stealth
 + Level 6.4 Spellcasting
 + Level 4.7 Conjurations
 + Level 5.7 Fire Magic


You had 11 spell levels left.
You knew the following spells:

 Your Spells              Type           Power      Damage    Failure   Level
a - Foxfire               Conj/Fire      100%       2x1d9     1%          1
b - Scorch                Fire           96%        2d9       1%          2
c - Flame Wave            Conj/Fire      45%        2d12      11%         4

Your spell library contained the following spells:

 Spells                   Type           Power      Damage    Failure   Level
 Magic Dart               Conj           100%       1d8       1%          1
 Searing Ray              Conj           82%        2d7       1%          2
 Inner Flame              Hex/Fire       29%        N/A       9%          3
 Volatile Blastmotes      Fire/Tloc      58%        2d14      9%          3
 Fulminant Prism          Conj/Hex       13%        3d9       32%         4


Dungeon Overview and Level Annotations

Branches:
Dungeon (5/15)             Temple (0/1) D:4

Altars:
Elyvilon
Okawaru
Zin

Annotations:
D:4 Pikel


Innate Abilities, Weirdness & Mutations

You possess an exceptional clarity of mind.
You are frail. (-10% HP)
Your magical capacity is low. (-10% MP)
You passively dampen the noise of your surroundings.


Message History

The lemure misses you.
Casting: Scorch (safe; 1% risk of failure)
Confirm with . or Enter, or press ? or * to list all spells.
Flames lash the lemure.
The lemure is burned terribly!
You kill the lemure!
That felt strangely unrewarding.
Casting: Scorch (safe; 1% risk of failure)
Confirm with . or Enter, or press ? or * to list all spells.
You can't see any susceptible monsters within range! (Use Z to cast anyway.)
You start resting.
Magic restored.
You start waiting.
Done waiting.
You climb downwards.
Level annotation: Pikel The lemure hits you but does no damage.
Pikel hits you with a +0 whip of electrocution!
The lemure barely misses you. x2
Pikel hits you with a +0 whip of electrocution!
There is a stone staircase leading up, spattered with blood here.
The lemure hits you! The lemure misses you.
Pikel hits you with a +0 whip of electrocution.
You climb upwards.
There is a stone staircase leading down here.
It was a potion of mutation.
You feel extremely strange.
You feel less energetic.
You feel frail.
You feel your surroundings grow quieter.
Your thoughts seem clearer.
Pikel closely misses you.
It was a potion of brilliance.
You feel clever all of a sudden. Pikel misses you.
It was a potion of enlightenment.
You feel very buoyant.
You fly up into the air.
Pikel hits you with a +0 whip of electrocution.
You are electrocuted!!
Ouch! That really hurt!
You die...
Pikel says, "Another soul for the market."

............####......#
....##...............##
.#.......##..#...##.##
####.........#...####
#........#.....#
#......###...###
#####.####..##
#....##..####
#.....#..##@#
#.........#K##
##.........5.#
##.........##
#....####.# ##.### ###
###


You could see Pikel and a lemure.

Vanquished Creatures
  An ogre (D:4)
  A centaur (D:5)
  2 lemures
  Blork the orc (D:4)
  A scorpion (D:5)
  A howler monkey (D:4)
  A jelly (D:5)
  An orc priest (D:4)
  A sleepcap (D:4)
  Natasha (thrice) (D:4)
  A gnoll bouda (D:4)
  6 gnolls (D:4)
  7 adders
  2 ufetubi (D:5)
  3 dart slugs (D:2)
  11 orcs
  9 endoplasms
  2 giant cockroaches (D:3)
  9 goblins
  6 hobgoblins
  4 jackals (D:4)
  4 kobolds
  5 quokkas
  6 ball pythons
  3 bats
  A frilled lizard (D:3)
  2 rats
94 creatures vanquished.

Vanquished Creatures (others)
  297 foxfires
297 creatures vanquished.

Grand Total: 391 creatures vanquished

Notes
Turn   | Place    | Note
-------+----------+-------------------------------------------
     0 | D:1      | Ijustatesigmund the Deep Elf Fire Elementalist began the
                  | quest for the Orb.
     0 | D:1      | Reached XP level 1. HP: 10/10 MP: 6/6
   619 | D:1      | Reached XP level 2. HP: 16/16 MP: 5/8
   622 | D:1      | Learned a level 2 spell: Scorch
  1265 | D:2      | Reached XP level 3. HP: 17/20 MP: 6/10
  1404 | D:2      | Reached skill level 1 in Fighting
  1877 | D:3      | Reached XP level 4. HP: 24/24 MP: 9/11
  1881 | D:3      | Reached skill level 4 in Spellcasting
  1886 | D:3      | Learned a level 4 spell: Flame Wave
  2397 | D:3      | Found a white marble altar of Elyvilon.
  2675 | D:3      | Found a faded altar of an unknown god.
  2825 | D:3      | Found a glowing silver altar of Zin.
  2942 | D:4      | Found an iron altar of Okawaru.
  2981 | D:4      | Reached XP level 5. HP: 30/30 MP: 10/13
  3013 | D:4      | Found a staircase to the Ecumenical Temple.
  3145 | D:4      | Noticed Natasha
  3150 | D:4      | Killed Natasha
  3159 | D:4      | Noticed Natasha
  3167 | D:4      | Killed Natasha
  3500 | D:4      | Noticed Natasha
  3507 | D:4      | Killed Natasha
  3508 | D:4      | Reached skill level 5 in Spellcasting
  3508 | D:4      | Reached XP level 6. HP: 35/35 MP: 9/15
  3908 | D:4      | Noticed Blork the orc
  3918 | D:4      | Reached skill level 5 in Fire Magic
  3919 | D:4      | Killed Blork the orc
  3921 | D:4      | Reached XP level 7. HP: 6/40 MP: 7/17
  4453 | D:5      | Entered Level 5 of the Dungeon
  4461 | D:5      | Reached skill level 6 in Spellcasting
  5214 | D:5      | Noticed Pikel
  5215 | D:5      | Reached skill level 1 in Ranged Weapons
  5348 | D:4      | Gained mutation: Your magical capacity is low. (-10% MP)
                  | [potion of mutation]
  5348 | D:4      | Gained mutation: You are frail. (-10% HP) [potion of
                  | mutation]
  5348 | D:4      | Gained mutation: You passively dampen the noise of your
                  | surroundings. [potion of mutation]
  5348 | D:4      | Gained mutation: You possess an exceptional clarity of
                  | mind. [potion of mutation]
  5350 | D:4      | Mangled by Pikel

Illustrated notes

Levels and vault maps discovered:
D:1:      elethiomel_arrival_maze, layout_loops_ring, minmay_split_cup_small
D:2:      layout_loops_cross
D:3:      layout_rooms, zin_scriptorium, elyvilon_altar_3,
          dreamdust_ecumenical_altar_hidden_monk_grotto
D:4:      layout_cave_pools, mainiacjoe_overflow_concentric_impassable,
          minmay_temple_entry_from_below_a, nicolae_grassy_gnolls,
          uniq_blork_the_orc, uniq_natasha
D:5:      minmay_recursive_quarters, layout_cave_pods, uniq_menkaure, uniq_pikel

Skill      XL: |  1  2  3  4  5  6  7 |
---------------+----------------------+-----
Fighting       | 1 2 |  2.4
Conjurations   | 2 3 4 |  4.7
Spellcasting   | 4 5 6 |  6.4
Fire Magic     | 4 5 |  5.7
Ranged Weapons | 1 |  1.0
Dodging        | |  2.4
Stealth        | |  2.4

Action                     |  1- 3 |  4- 6 |  7- 9 || total
---------------------------+-------+-------+-------++-------
  Melee: Dagger            |       |     2 |     1 ||     3
   Fire: Orcbow            |       |       |    14 ||    14
   Cast: Foxfire           |    68 |    83 |    17 ||   168
         Scorch            |       |    12 |    13 ||    25
         Flame Wave        |       |     2 |       ||     2
    Use: Potion            |       |       |     3 ||     3
   Stab: Sleeping          |       |       |     1 ||     1
 Armour: Robe              |    12 |    36 |    22 ||    70
  Dodge: Dodged            |     3 |    28 |    17 ||    48

Table legend: (Time is in decaauts)
 A = Elapsed time spent in this place.
 B = Non-inter-level travel time spent in this place.
 C = Inter-level travel time spent in this place.
 D = Time resting spent in this place.
 E = Time spent auto-exploring this place.
 F = Levels seen in this place.
 G = Mean time per level.
                   A        B        C        D        E       F      G
               +--------+--------+--------+--------+--------+-----+--------+
         Total |   5368 |   5245 |    123 |   1597 |   2904 |   5 | 1073.6 |
       Dungeon |   5368 |   5245 |    123 |   1597 |   2904 |   5 | 1073.6 |
               +--------+--------+--------+--------+--------+-----+--------+

Top non-repeatable levels by time:
     D:4: 1683 daAuts
     D:3: 1501 daAuts
     D:2: 959 daAuts
     D:1: 914 daAuts
     D:5: 310 daAuts
